Map: Ever Dream LE

Players

Zeitgeist - Winner!

  • Race: Zerg Zerg
  • League: Diamond
  • Spawn Location: 7:00

Raven

  • Race: Protoss Protoss
  • League: Gold
  • Spawn Location: 1:00

VOD

Have the link to the VOD?

Description

Time

  • Played on: Sept. 13, 2020, 12:52 p.m.
  • Length: 5:47
Show
View Real Time Build Order
Export as new Build Order

Zeitgeist Zerg - Winner!

Build Orders: Hatch First 

Get SALT Encoding   

  12  0:00  Drone  
  13  0:13  Overlord  
  13  0:17  Drone  
  14  0:31  Drone x2  
  16  0:36  Drone  
  17  0:53  Hatchery  
  17  0:56  Drone  
  17  0:59  Drone  
  18  1:07  Extractor  
  17  1:21  Spawning Pool  
  17  1:23  Drone  
  17  1:26  Drone  
  17  1:30  Drone  
  19  1:40  Drone  
  20  2:08  Queen  
  22  2:12  Hatchery  
  22  2:13  Queen  
  23  2:18  Zergling x2  
  23  2:20  Zergling x2  
  25  2:23  Drone  
  25  2:26  Drone  
  27  2:31  Overlord  
  27  2:35  Drone  
  28  2:41  Metabolic Boost  
  28  2:50  Drone x3  
  31  2:52  Drone  
  31  2:53  Drone  
  33  3:07  Overlord  
  33  3:08  Zergling x2  
  33  3:11  Drone  
  35  3:14  Overlord  
  35  3:23  Drone, Queen  
  35  3:24  Drone x2, Overlord  
  41  3:27  Drone  
  41  3:29  Drone  
  41  3:30  Drone  
  41  3:32  Drone  
  44  3:39  Drone x2  
  44  3:40  Drone  
  47  3:42  Extractor  
  47  3:46  Roach Warren  
  45  3:56  Extractor  
  45  3:58  Drone x2  
  45  3:59  Drone  
  47  4:08  Drone x2  
  47  4:09  Drone x2  
  51  4:15  Overlord  
  51  4:17  Spore Crawler  
  51  4:21  Drone x4  
  54  4:26  Spore Crawler  
  54  4:29  Zergling x16  
  61  4:44  Overlord x2  
  65  4:45  Drone x4  
  65  4:52  Drone  
  66  4:53  Spine Crawler  
  65  5:07  Spore Crawler  
  65  5:11  Roach x9  
  83  5:30  Extractor  
Show
View Real Time Build Order
Export as new Build Order

Raven Protoss 

Build Orders: 1 Gate Expand, Phoenix Opening 

Get SALT Encoding   

  12  0:00  Probe  
  13  0:12  Probe  
  14  0:19  Pylon  
  14  0:26  Probe (Chrono Boost)  
  15  0:38  Probe (Chrono Boost)  
  15  0:41  Gateway  
  16  0:43  Probe (Chrono Boost)  
  17  0:50  Assimilator  
  17  0:55  Probe  
  17  1:07  Probe  
  18  1:19  Probe (Chrono Boost)  
  19  1:34  Nexus, Probe (Chrono Boost)  
  20  1:46  Cybernetics Core  
  20  1:55  Pylon  
  20  2:03  Probe (Chrono Boost)  
  20  2:07  Assimilator  
  21  2:15  Probe (Chrono Boost)  
  22  2:24  Warp Gate  
  22  2:26  Gateway  
  22  2:27  Stalker  
  24  2:33  Probe  
  25  2:45  Probe  
  25  2:46  Probe  
  27  2:58  Probe  
  28  3:02  Sentry (Chrono Boost)  
  28  3:04  Probe (Chrono Boost)  
  31  3:07  Robotics Facility  
  31  3:11  Pylon  
  31  3:16  Probe (Chrono Boost)  
  31  3:18  Probe (Chrono Boost)  
  31  3:19  Stalker (Chrono Boost)  
  33  3:24  Probe (Chrono Boost)  
  33  3:27  Probe (Chrono Boost)  
  37  3:30  Pylon, Probe  
  38  3:37  Probe  
  38  3:39  Stalker  
  41  3:42  Phoenix, Probe  
  42  3:49  Twilight Council, Probe  
  42  3:54  Probe  
  44  3:56  Warp Prism (Chrono Boost)  
  44  4:02  Probe  
  47  4:16  Probe  
  48  4:17  Probe  
  48  4:19  Stalker  
  48  4:23  Immortal (Chrono Boost)  
  51  4:29  Pylon  
  55  4:38  Probe  
  56  4:42  Probe  
  57  4:50  Probe  
  58  4:55  Zealot x2  
  62  5:03  Immortal (Chrono Boost)  
  62  5:04  Probe  
  62  5:05  Probe  
  68  5:16  Stalker  
  70  5:33  Probe x2  
  70  5:34  Stalker  
Tags
 
Add a new tag
Caveats
  • Supply blocks, unpowered buildings, or Contaminate may cause inaccurate times.
  • Supply counts are checked every 10 seconds.